 Dungeon Crawl Stone Soup version 0.32-a0-738-g1a05c61809 (webtiles) character file.

Game seed: 4455499494209908519

14 Nvm9 the Trooper (level 2, -1/24 HPs)
             Began as a Demonspawn Fighter on Mar 17, 2024.
             Succumbed to a goblin's poison
             ... on level 1 of the Dungeon.
             The game lasted 00:00:36 (192 turns).

Nvm9 the Trooper (Demonspawn Fighter)                Turns: 192, Time: 00:00:37

Health: -1/24      AC:  6    Str: 16    XL:     2   Next: 31%
Magic:  2/2        EV:  7    Int:  8    God:
Gold:   46         SH:  4    Dex: 12    Spells: 1/1 levels left

rFire   . . .        a - +0 war axe
rCold   . . .        c - +0 buckler
rNeg    . . .        b - +0 scale mail
rPois   .            (no helmet)
rElec   .            (no cloak)
rCorr   .            (no gloves)
SInv    .            (no boots)
Will    .....        (no amulet) Stlth
                     (no ring)
HPRegen 0.24/turn    (no ring)
MPRegen 0.08/turn

%: no passive effects
@: mighty, lethally poisoned (-1 -> -20)
A: ignite blood 1
a: no special abilities


You were on level 1 of the Dungeon.
You visited 1 branch of the dungeon, and saw 1 of its levels.

You collected 46 gold pieces.

Inventory:

Hand Weapons
 a - a +0 war axe (weapon)
Armour
 b - a +0 scale mail (worn)
 c - a +0 buckler (worn)


   Skills:
 + Level 3.1 Fighting
 + Level 2.0 Axes
 + Level 2.9 Armour
 + Level 2.9 Shields


You had one spell level left.
You didn't know any spells.
Your spell library was empty.

Dungeon Overview and Level Annotations

Branches:
Dungeon (1/15)

Altars:


Innate Abilities, Weirdness & Mutations

Your demonic aura sometimes causes spilled blood to erupt in flames.


Message History

You slash the ball python!
You kill the ball python!
You slash the frilled lizard!
You kill the frilled lizard!
Unknown command.
You slash the rat!
You kill the rat!
Unknown command.
The goblin hits you but does no damage.
You are poisoned.
The giant cockroach waves its antennae.
You see here a rat corpse.
Unknown command.
You barely miss the goblin.
You feel sick.
The endoplasm jiggles.
The goblin hits you but does no damage. x2
You are more poisoned.
Unknown command.
You hit the goblin.
The goblin is almost dead.
You feel very sick. The goblin hits you but does no damage.
You are lethally poisoned!
Unknown command.
You are too injured to fight recklessly!
Unknown command.
You are too injured to fight recklessly!
Unknown command.
Unknown command.
* * * LOW HITPOINT WARNING * * *
You feel very sick.
You closely miss the goblin.
The goblin is almost dead.
* * * LOW HITPOINT WARNING * * *
You feel very sick. The goblin hits you but does no damage.
You are more poisoned.
You block the endoplasm's attack. The goblin hits you but does no damage.
You feel very mighty all of a sudden.
You die...

#.#####.#..#.#.#.#....
........†.......>#####
.#####.#...#.##.#
#.#####.# .# #.# #.# #
#.# #.# #.#####.#
#.......#
#######@##.####
#gJ...... #B##.####
... # #### ..... ....
##...#. ..(. ##.....
⌠... #[.# ## .... #...
..≈.


You could see an endoplasm, a giant cockroach and a goblin.

Vanquished Creatures
  A giant cockroach (D:1)
  2 hobgoblins (D:1)
  2 jackals (D:1)
  2 quokkas (D:1)
  3 ball pythons (D:1)
  A bat (D:1)
  A frilled lizard (D:1)
  A rat (D:1)
13 creatures vanquished.

Notes
Turn   | Place    | Note
-------+----------+-------------------------------------------
     0 | D:1      | Nvm9 the Demonspawn Fighter began the quest for the Orb.
     0 | D:1      | Reached XP level 1. HP: 18/18 MP: 1/1
   129 | D:1      | Gained mutation: Your demonic aura sometimes causes spilled
                  | blood to erupt in flames. [demonic ancestry]
   129 | D:1      | Reached XP level 2. HP: 21/24 MP: 2/2
   192 | D:1      | Succumbed to a goblin's poison

Illustrated notes

Levels and vault maps discovered:
D:1:      dpeg_arrival_stone_temple_mockup, layout_loops_ring,
          minmay_misc_feat_alley, st_stairs_8, ebering_dispersal_statue_hall,
          item_on_display_a

Skill      XL: |  1 |
---------------+----+-----
Axes           | 2 |  2.0
Fighting       | |  3.1
Armour         | |  2.9
Shields        | |  2.9

Action                     || total
---------------------------++-------
  Melee: War axe           ||    35
    Use: Potion            ||     1
 Armour: Scale mail        ||    53
  Dodge: Dodged            ||    15
  Block: Buckler           ||     7

Table legend: (Time is in decaauts)
 A = Elapsed time spent in this place.
 B = Non-inter-level travel time spent in this place.
 C = Inter-level travel time spent in this place.
 D = Time resting spent in this place.
 E = Time spent auto-exploring this place.
 F = Levels seen in this place.
 G = Mean time per level.
                   A        B        C        D        E       F      G
               +--------+--------+--------+--------+--------+-----+--------+
         Total |    207 |    207 |      0 |      0 |    130 |   1 |  207.0 |
       Dungeon |    207 |    207 |      0 |      0 |    130 |   1 |  207.0 |
               +--------+--------+--------+--------+--------+-----+--------+

Top non-repeatable levels by time:
     D:1: 207 daAuts
